 Dungeon Crawl Stone Soup version 0.16.2-2-g470672f (webtiles) character file.

632 CrazyArbalest the Bolt Thrower (level 7, -3/57 HPs)
             Began as a Centaur Hunter on Aug 22, 2015.
             Was an Initiate of Gozag.
             Slain by an orc warrior
             ... wielding a +0 war axe
              (21 damage)
             ... on level 2 of the Dungeon.
             The game lasted 00:29:19 (4395 turns).

CrazyArbalest the Bolt Thrower (Centaur Hunter)     Turns: 4395, Time: 00:29:20

Health: -3/57      AC:  8    Str: 15    XL:     7   Next: 24%
Magic:  5/5        EV:  9    Int: 10    God:    Gozag
Gold:   373        SH:  0    Dex: 11    Spells: 0 memorised, 6 levels left

rFire  . . .     SeeInvis .     a - +1 whip (freeze)
rCold  . . .     Clarity  .     r - +0 ring mail
rNeg   . . .     SustAb   .     (no shield)
rPois  .         Gourm    .     d - +0 helmet
rElec  .         Spirit   .     s - +0 cloak
rCorr  .         Warding  .     (no gloves)
rMut   .         Stasis   .     (no barding)
MR     .....                    (no amulet)
Stlth  ..........               (no ring)
                                (no ring)

@: very quick, not resistant to hostile enchantments, extremely unstealthy
A: hooves 3, deformed body, speed 2, tough skin 3
a: Potion Petition, Call Merchant, Bribe Branch, Renounce Religion


You were on level 2 of the Dungeon.
You worshipped Gozag.
Gozag was noncommittal.
You were hungry.

You visited 1 branch of the dungeon, and saw 3 of its levels.
You also visited: Sewer.

You collected 449 gold pieces.
You paid 76 gold pieces to Gozag.

Inventory:

Hand weapons
 a - a +1 whip of freezing (weapon)
 b - a +1 hand crossbow
 h - a +0 hand crossbow
 t - a +4 quarterstaff of chaos
 u - a +0 hammer
 y - a +0 whip
Missiles
 c - 36 bolts
Armour
 d - a +0 helmet (worn)
 i - a cursed +0 leather armour
 r - a +0 ring mail (worn)
 s - a +0 cloak (worn)
 w - a +0 chain mail
Magical devices
 B - a wand of magic darts (37)
Scrolls
 j - a scroll of fear {unknown}
 l - a scroll of remove curse {unknown}
 n - a scroll of amnesia {unknown}
 o - 3 scrolls of identify {unknown}
 p - a scroll of magic mapping {unknown}
 q - a scroll of teleportation {unknown}
 z - a scroll of noise {unknown}
 A - 2 scrolls of enchant weapon {unknown}
Potions
 e - 2 potions of haste {unknown}
 k - a potion of heal wounds {unknown}
 m - a potion of agility {unknown}
 v - 2 potions of restore abilities {unknown}
 x - 2 potions of curing
 C - a potion of degeneration {unknown}
Comestibles
 f - a bread ration
 g - a meat ration


   Skills:
 + Level 3.0 Fighting
 + Level 1.7 Maces & Flails
 * Level 6.9 Crossbows
 + Level 2.9 Armour
 + Level 2.7 Dodging
 + Level 0.5 Stealth


You had 6 spell levels left.
You didn't know any spells.

Dungeon Overview and Level Annotations

Branches:
Dungeon (3/15)

Altars:
Elyvilon
Gozag
Sif Muna
Yredelemnul

Annotations:
D:3 CrazyArbalest's ghost, average CeHu; Grinder; Ijyb


Innate Abilities, Weirdness & Mutations

You have hooves in place of feet.
Armour fits poorly on your strangely shaped body.
You cover ground very quickly.
You have extremely tough skin (AC +3).


Message History

You closely miss the orc warrior.
The orc warrior is lightly wounded.
The orc warrior hits you but does no damage.
Your ring mail prevents you from hitting the orc warrior.
The orc warrior is lightly wounded.
The orc warrior barely misses you.
You hit the orc warrior but do no damage.
The orc warrior is lightly wounded.
You hit the orc warrior. You freeze the orc warrior.
The orc warrior is heavily wounded.
The orc warrior hits you with a war axe!
You barely miss the orc warrior. Your kick misses the orc warrior.
The orc warrior is heavily wounded.
The orc warrior hits you with a war axe!
You hit the orc warrior but do no damage.
Your kick misses the orc warrior.
The orc warrior is heavily wounded.
The orc warrior hits you with a war axe!!
You die...
Your body crumbles into a pile of gold.

.......(....#....####.#
#####..#.........###..#
#.##..............##
###......###....#....##
##....###.# ##(........#
#..######.## ###.......#
##..# #.....# ##......#
.≈.####.....######......#
P≈.......[..#>.o@.......#
≈PP...#........###.######
≈≈P.....(....### #.#
≈PP........### #.#
P≈P[......># #.#
≈..........# #.##
P..#.#....># #..#
..####.....# ##.#
..###...#### #.#


You could see an orc warrior.

Vanquished Creatures
  5 big kobolds (Sewer)
  Crazy Yiuf (D:2)
  An orc wizard (D:3)
  Jessica (D:3)
  Robin (D:3)
  6 adders
  A river rat (Sewer)
  9 worms
  4 oozes (Sewer)
  3 orcs (D:3)
  5 ball pythons
  4 bats
  4 giant cockroaches
  2 gnoll zombies (D:3)
  8 hobgoblins
  5 jackals
  3 giant newts (D:1)
  15 goblins
  9 kobolds
  7 rats
94 creatures vanquished.

Notes
Turn   | Place    | Note
--------------------------------------------------------------
     0 | D:1      | CrazyArbalest, the Centaur Hunter, began the quest for the Orb.
     0 | D:1      | Reached XP level 1. HP: 17/17 MP: 1/1
     0 | D:1      | Noticed an orb of fire
     2 | D:1      | Noticed a tentacled monstrosity
     2 | D:1      | Noticed a large abomination
     4 | D:1      | Noticed an ice dragon
     6 | D:1      | Noticed a tentacled monstrosity
     8 | D:1      | Noticed a tentacled monstrosity
    11 | D:1      | Noticed an orb of fire
    13 | D:1      | Noticed an orb of fire
    14 | D:1      | Noticed a green draconian
    14 | D:1      | Noticed an orb of fire
    15 | D:1      | Noticed an orb of fire
    17 | D:1      | Noticed an orb of fire
    17 | D:1      | Noticed a red draconian
    17 | D:1      | Noticed an ice dragon
    19 | D:1      | Noticed a tentacled monstrosity
    20 | D:1      | Noticed an iron dragon
   224 | D:1      | Reached XP level 2. HP: 19/24 MP: 2/2
   338 | D:1      | Reached skill level 5 in Crossbows
  1080 | D:2      | Reached XP level 3. HP: 29/29 MP: 3/3
  1417 | D:2      | Noticed Crazy Yiuf
  1453 | D:2      | Killed Crazy Yiuf
  1453 | D:2      | Reached skill level 1 in Armour
  1453 | D:2      | Reached XP level 4. HP: 36/36 MP: 3/3
  1681 | D:2      | Found an opulent altar of Gozag.
  1810 | D:2      | Became a worshipper of Gozag Ym Sagoz the Greedy
  2071 | D:3      | Found a glowing drain.
  2087 | D:3      | Noticed CrazyArbalest's ghost (average CeHu)
  2125 | Sewer    | Entered a sewer
  2146 | Sewer    | Noticed a big kobold
  2171 | Sewer    | Killed a big kobold
  2171 | Sewer    | Reached skill level 6 in Crossbows
  2171 | Sewer    | Reached XP level 5. HP: 14/41 MP: 4/4
  2485 | Sewer    | Noticed a big kobold
  2528 | Sewer    | Killed a big kobold
  2528 | Sewer    | Reached skill level 1 in Maces & Flails
  2528 | Sewer    | Reached XP level 6. HP: 21/49 MP: 5/5
  2697 | Sewer    | Noticed a big kobold
  2734 | Sewer    | Killed a big kobold
  3089 | Sewer    | Noticed a big kobold
  3089 | Sewer    | Noticed a big kobold
  3121 | Sewer    | Killed a big kobold
  3148 | Sewer    | Killed a big kobold
  3148 | Sewer    | Reached XP level 7. HP: 19/56 MP: 5/5
  3712 | D:3      | Noticed Jessica
  3722 | D:3      | Killed Jessica
  3748 | D:3      | Noticed Grinder
  3851 | D:3      | Found a white marble altar of Elyvilon.
  3860 | D:3      | Noticed Robin
  3898 | D:3      | Killed Robin
  3958 | D:3      | Found a deep blue altar of Sif Muna.
  4185 | D:3      | Noticed Ijyb
  4358 | D:3      | Found a basalt altar of Yredelemnul.
  4395 | D:2      | Slain by an orc warrior

Action                   |  1- 3 |  4- 6 |  7- 9 || total
-------------------------+-------+-------+-------++-------
Melee: Short sword       |    34 |       |       ||    34
       Whip              |    65 |   244 |   116 ||   425
 Fire: Hand crossbow     |    22 |    26 |    22 ||    70
  Use: Potion            |       |     1 |       ||     1
  Eat: Chunk             |     1 |     2 |       ||     3
       Fruit             |       |     2 |       ||     2
       Beef jerky        |       |     1 |     1 ||     2
       Pizza             |       |       |     1 ||     1
